 Dungeon Crawl Stone Soup version 0.27.1-3-gb3d3a73c9e (webtiles) character file.

Game seed: 9790520588860711593

3 MisterFreud the Ducker (level 1, 0/15 HPs)
             Began as a Felid Berserker on Oct 19, 2021.
             Was a Follower of Trog.
             Slain by a goblin (3 damage)
             ... on level 1 of the Dungeon.
             The game lasted 00:00:21 (107 turns).

MisterFreud the Ducker (Felid Berserker)             Turns: 107, Time: 00:00:22

Health: 0/15       AC:  1    Str: 13    XL:     1   Next: 41%
Magic:  2/2        EV: 18    Int:  8    God:    Trog [*.....]
Gold:   0          SH:  0    Dex: 15    Spells: 0/0 levels left
                                        Lives:  0   Deaths: 0

rFire    . . .     SeeInvis +     - Unarmed
rCold    . . .     Faith    .   (shield unavailable)
rNeg     . . .     Spirit   .   (armour unavailable)
rPois    .         Reflect  .   (helmet unavailable)
rElec    .         Harm     .   (cloak unavailable)
rCorr    .         Rampage  .   (gloves unavailable)
Will     .....                  (boots unavailable)
Stlth    ..........             (no amulet)
HPRegen  0.05/turn              (no ring)
MPRegen  0.08/turn              (no ring)

@: berserking, very quick
A: very small, claws 1, fangs 3, see invisible, speed 1, shaggy fur 1, stealthy
paws, no weapons or thrown items, no armour, multi-lived
a: Renounce Religion, Berserk


You were on level 1 of the Dungeon.
You worshipped Trog.
Trog was aware of your devotion.
You visited 1 branch of the dungeon, and saw 1 of its levels.

Inventory:

Potions
 a - 2 potions of degeneration {unknown}


   Skills:
 - Level 3.0 Fighting
 - Level 4.0 Dodging
 + Level 1.0 Stealth
 + Level 3.1 Unarmed Combat


You couldn't memorise any spells.
You didn't know any spells.
Your spell library was empty.

Dungeon Overview and Level Annotations

Branches:
Dungeon (1/15)

Altars:


Innate Abilities, Weirdness & Mutations

You have sharp claws.
You have razor-sharp teeth.
You have supernaturally acute eyesight. (SInv)
You cover ground quickly. (Speed+)
You are covered in fur. (AC +1)
Your paws help you pounce on unaware monsters.
You are incapable of wielding weapons or throwing items.
You cannot wear armour.
You gain extra lives every three experience levels.


Message History

The ball python bites you. The ball python constricts you.
The hobgoblin misses you. The hobgoblin barely misses you.
You closely miss the ball python. You claw the ball python.
You kill the ball python!
Trog accepts your kill.
You claw the hobgoblin!
You kill the hobgoblin!
Trog accepts your kill. The hobgoblin hits you.
You barely miss the hobgoblin. You claw the hobgoblin!
You kill the hobgoblin!
Trog accepts your kill.
Your Stealth skill increases to level 1!
You see here a hobgoblin corpse.
You feel a strong urge to attack something.
You start resting.
You feel your anger nearly subside.
You are no longer berserk.
You are exhausted.
You feel yourself slow down.
You start resting.
You feel yourself speed up.
You start resting.
You recover from your berserk rage.
A goblin comes into view. It is wielding a +0 club.
A goblin is nearby!
The goblin shouts!
You hear an angry hiss.
The goblin hits you with a +0 club.
* * * LOW HITPOINT WARNING * * *
You are too injured to fight recklessly!
You are too injured to fight recklessly!
A red film seems to cover your vision as you go berserk!
You feel yourself moving faster!
You feel mighty! The goblin barely misses you.
You miss the goblin. The goblin closely misses you.
You barely miss the goblin. Your bite misses the goblin.
You closely miss the goblin. The goblin hits you with a +0 club.
* * * LOW HITPOINT WARNING * * *
You barely miss the goblin. Your bite misses the goblin.
The goblin hits you with a +0 club.
You die...

#.........#######
##....###.......#
#...## #.......#
##..# #..$....#
#... #.......#
##..###...†...#
#..##........#
##...........#
#####.@.....#
#.g......#
#.######## ...
...# #.... #....
#...


You could see a goblin.

Vanquished Creatures
  2 hobgoblins (D:1)
  A ball python (D:1)
3 creatures vanquished.

Notes
Turn   | Place    | Note
-------+----------+-------------------------------------------
     0 | D:1      | MisterFreud the Felid Berserker began the quest for the
                  | Orb.
     0 | D:1      | Reached XP level 1. HP: 10/10 MP: 2/2
    24 | D:1      | Reached skill level 1 in Stealth
   107 | D:1      | Slain by a goblin

Illustrated notes

Levels and vault maps discovered:
D:1:      dpeg_arrival_long_road, layout_rooms, st_stairs_7, minmay_pentomino_p4

Skill      XL: |  1 |
---------------+----+-----
Stealth        | 1 |  1.0
Fighting       | |  3.0
Dodging        | |  4.0
Unarmed Combat | |  3.1

Action                   || total
-------------------------++-------
Melee: Unarmed           ||    10
       Punch             ||     1
       Bite              ||     1
Invok: Berserk           ||     2
Armor: Skin              ||     1
Dodge: Dodged            ||    10
